Map: Apotheosis LE

Players

Ryu - Winner!

  • Race: Terran Terran
  • League: Diamond

LunarPhysics

  • Race: Zerg Zerg
  • League: Diamond

VOD

Have the link to the VOD?

Description

Time

  • Played on: July 17, 2016, 2:58 p.m.
  • Length: 10:43
Show
View Real Time Build Order
Export as new Build Order

Ryu Terran - Winner!

Build Orders: Reaper Expand, MMM Bio 

Get SALT Encoding   

  12  0:00  SCV  
  13  0:12  SCV  
  14  0:17  Supply Depot  
  14  0:25  SCV  
  15  0:39  SCV  
  15  0:40  Barracks  
  16  0:44  Refinery  
  16  0:51  SCV  
  17  1:03  SCV  
  18  1:15  SCV  
  19  1:27  Orbital Command  
  19  1:28  Reaper  
  20  1:42  Command Center  
  20  1:53  SCV  
  21  1:54  Supply Depot  
  21  2:05  Barracks, SCV  
  22  2:09  Marine  
  23  2:17  SCV  
  23  2:20  Factory  
  24  2:24  Refinery  
  24  2:29  SCV  
  25  2:30  Barracks Reactor  
  25  2:41  SCV  
  26  2:53  Barracks Tech Lab, SCV  
  26  2:57  Orbital Command  
  27  3:05  SCV  
  27  3:08  Starport, Marine x2  
  29  3:14  Marine, Factory Reactor  
  29  3:17  SCV  
  31  3:20  Bunker  
  31  3:26  Marine  
  32  3:28  Marine  
  32  3:29  SCV  
  32  3:30  SCV  
  32  3:32  Marine  
  36  3:37  Stimpack  
  36  3:42  SCV  
  36  3:43  SCV  
  36  3:44  Marine  
  36  3:45  Marine  
  40  3:50  Marine  
  40  3:54  SCV  
  42  3:59  Engineering Bay  
  42  4:00  Engineering Bay  
  42  4:01  SCV  
  43  4:06  Supply Depot, SCV  
  43  4:08  Supply Depot  
  45  4:12  Widow Mine  
  46  4:27  SCV, Marine x2, Medivac x2  
  46  4:28  SCV  
  46  4:30  Marine  
  55  4:32  Refinery  
  55  4:40  SCV  
  55  4:43  SCV  
  55  4:45  Marine x2  
  57  4:47  Marine, Widow Mine  
  57  4:51  Terran Infantry Weapons Level 1  
  62  4:54  Terran Infantry Armor Level 1  
  62  5:17  Marine x3  
  62  5:18  Supply Depot, SCV x2  
  67  5:22  Command Center  
  67  5:23  Barracks  
  67  5:24  Supply Depot  
  67  5:30  SCV, Medivac  
  67  5:35  Factory Tech Lab  
  70  5:39  SCV, Marine x3, Medivac  
  70  5:41  Supply Depot  
  70  5:42  SCV  
  77  5:51  SCV  
  77  5:54  SCV  
  79  5:58  Marine x3  
  79  6:00  Siege Tank  
  79  6:02  Medivac  
  79  6:04  SCV  
  88  6:06  SCV  
  84  6:26  Marine x2, SCV x2  
  84  6:27  Marine  
  84  6:29  Combat Shields, Barracks Reactor  
  84  6:32  Siege Tank  
  92  6:34  Supply Depot  
  92  6:37  Orbital Command  
  92  6:38  SCV x2  
  92  6:39  Missile Turret  
  93  6:58  SCV x2  
  93  7:00  Marine x2  
  93  7:01  Marauder  
  99  7:04  Siege Tank  
  99  7:05  Refinery  
  102  7:09  SCV  
  102  7:10  SCV x2  
  102  7:11  Marine x2  
  102  7:13  Command Center  
  107  7:16  Armory  
  107  7:18  Marine  
  107  7:19  Barracks  
  107  7:21  SCV  
  107  7:22  Barracks, SCV x2  
  111  7:41  Marine x3, SCV x2  
  111  7:42  Marauder  
  118  7:46  Siege Tank, Medivac  
  123  7:57  SCV x2  
  125  8:05  Supply Depot x2  
  125  8:06  Supply Depot  
  125  8:08  Supply Depot  
  125  8:09  Terran Infantry Weapons Level 2  
  125  8:10  Terran Infantry Armor Level 2  
  125  8:11  Supply Depot x2  
  125  8:15  Barracks Reactor, SCV x3, Marauder, Barracks Tech Lab  
  125  8:16  Marine x3  
  133  8:23  Refinery x2  
  133  8:24  Marine  
  134  8:27  SCV x3  
  134  8:29  Sensor Tower  
  137  8:34  Marine  
  137  8:35  Marine x2  
  137  8:37  Marauder  
  137  8:39  SCV x2  
  137  8:40  Liberator  
  144  8:43  SCV  
  144  8:44  Marine, Marauder  
  144  8:46  Planetary Fortress  
  148  8:51  SCV x2  
  148  8:52  Marine  
  148  8:53  Marine  
  148  8:55  SCV  
  153  8:58  Marauder  
  156  9:21  Marine x3, Marauder  
  156  9:22  Marine x3  
  164  9:29  SCV x2  
  164  9:30  SCV  
  144  10:17  Marine  
  144  10:18  Marine x6  
  144  10:19  Marauder  
Show
View Real Time Build Order
Export as new Build Order

LunarPhysics Zerg 

Build Orders: 3 Hatch before Pool, Muta Ling Bane 

Get SALT Encoding   

  12  0:01  Drone  
  13  0:12  Overlord  
  13  0:19  Drone  
  14  0:30  Drone x2  
  16  0:36  Drone  
  17  0:57  Drone, Hatchery  
  17  0:59  Drone  
  18  1:21  Hatchery  
  17  1:33  Spawning Pool  
  16  1:40  Drone x2  
  16  1:43  Extractor  
  16  1:45  Drone  
  18  1:54  Drone  
  19  2:02  Overlord  
  19  2:20  Queen x2  
  19  2:21  Zergling x2  
  19  2:22  Zergling x2  
  25  2:25  Drone  
  26  2:35  Queen  
  28  2:52  Drone x2  
  30  3:02  Drone x3  
  33  3:11  Metabolic Boost  
  33  3:25  Overlord  
  33  3:27  Queen  
  33  3:31  Queen  
  37  3:39  Drone x4  
  41  3:44  Drone  
  42  3:54  Overlord  
  42  3:56  Overlord  
  42  3:57  Overlord  
  42  4:04  Drone x6  
  48  4:18  Extractor  
  48  4:21  Drone x8, Extractor  
  48  4:22  Drone  
  55  4:34  Zergling x12  
  55  4:35  Zergling x4  
  63  4:45  Spore Crawler  
  62  4:46  Spore Crawler  
  62  4:50  Lair  
  61  4:58  Evolution Chamber  
  61  4:59  Drone  
  63  5:00  Evolution Chamber, Drone x6  
  63  5:01  Overlord  
  66  5:10  Spore Crawler  
  65  5:15  Drone  
  65  5:16  Overlord  
  66  5:22  Baneling Nest  
  65  5:32  Overlord  
  65  5:34  Overlord  
  67  5:37  Zerg Ground Armor Level 1, Zerg Melee Weapons Level 1  
  67  5:46  Zergling x8  
  67  5:47  Zergling x6  
  72  6:02  Zergling x10  
  72  6:03  Zergling x6  
  80  6:05  Hatchery  
  76  6:24  Zergling x2  
  76  6:25  Zergling x6  
  75  6:35  Hatchery  
  75  6:38  Spire  
  70  7:05  Baneling x11  
  70  7:06  Baneling  
  70  7:07  Baneling x12  
  70  7:09  Overlord x2  
  70  7:10  Overlord x3  
  70  7:24  Zergling x6  
  70  7:27  Centrifical Hooks  
  73  7:36  Extractor  
  67  7:56  Mutalisk x2  
  71  8:05  Drone x12  
  77  8:06  Drone  
  84  8:28  Extractor  
  84  8:30  Extractor  
  82  8:35  Zerg Flyer Weapons Level 1, Hatchery  
  82  8:38  Drone x12  
  82  8:39  Drone x7  
  100  8:52  Infestation Pit  
  99  9:03  Overseer  
  98  9:19  Mutalisk x4  
  98  9:23  Zergling x16  
  98  9:24  Zergling x8  
  99  9:50  Zergling x24  
  99  10:10  Baneling x14  
  99  10:12  Zergling x6  
  99  10:13  Zergling x18  
Tags
 
Add a new tag
Caveats
  • Supply blocks, unpowered buildings, or Contaminate may cause inaccurate times.
  • Supply counts are checked every 10 seconds.